 Dungeon Crawl Stone Soup version 0.27-a0-1196-g3e9cee4cb2 (webtiles) character file.

Game seed: 1150354994369315553

48 pilgrim the Shooter (level 3, 0/21 HPs)
             Began as a Deep Elf Hunter on May 27, 2021.
             Slain by an orc
             ... wielding a +0 trident
              (8 damage)
             ... on level 3 of the Dungeon.
             The game lasted 00:04:05 (3052 turns).

pilgrim the Shooter (Deep Elf Hunter)               Turns: 3052, Time: 00:04:06

Health: 0/21       AC:  3    Str: 10    XL:     3   Next: 50%
Magic:  5/5        EV: 12    Int: 15    God:
Gold:   66         SH:  0    Dex: 15    Spells: 2/2 levels left

rFire    . . .     SeeInvis .   b - +0 short sword
rCold    . . .     Faith    .   (no shield)
rNeg     . . .     Spirit   .   c - +0 leather armour
rPois    .         Reflect  .   (no helmet)
rElec    .         Harm     .   (no cloak)
rCorr    .         Rampage  .   (no gloves)
Will     .....                  (no boots)
Stlth    +.........             (no amulet)
HPRegen  0.07/turn              (no ring)
MPRegen  0.09/turn              (no ring)

@: confused
A: no striking features
a: no special abilities


You were on level 3 of the Dungeon.
You visited 1 branch of the dungeon, and saw 3 of its levels.

You collected 66 gold pieces.

Inventory:

Hand Weapons
 a - a +1 shortbow
 b - a +0 short sword (weapon)
Missiles
 d - 14 arrows
Armour
 c - a +0 leather armour (worn)
Scrolls
 f - a scroll of magic mapping {unknown}
 g - 2 scrolls of identify {unknown}
 h - a scroll of vulnerability {unknown}
 i - 3 scrolls of summoning {unknown}
 k - a scroll of acquirement {unknown}
 l - a scroll of teleportation {unknown}
 m - a scroll of enchant weapon {unknown}
Potions
 e - a potion of resistance {unknown}
 j - a potion of haste {unknown}


   Skills:
 + Level 2.1 Fighting
 + Level 5.9 Bows
 - Level 3.0 Dodging
 + Level 2.5 Stealth


You had 2 spell levels left.
You didn't know any spells.
Your spell library was empty.

Dungeon Overview and Level Annotations

Branches:
Dungeon (3/15)

Altars:

Annotations:
D:2 exclusions: goblin and 3 jackals, Natasha


Message History

The orc wizard shouts!
The orc shouts! x2; You hear an angry hiss.
The orc moves out of view.
There is a stone staircase leading up here.
You climb upwards.
Level annotation: exclusions: goblin and 3 jackals, Natasha
There is a stone staircase leading down here.
There is a stone staircase leading down here.
You climb downwards.
There is a stone staircase leading up here.
a - a +1 shortbow (weapon)
You shoot an arrow. The arrow closely misses the orc.
You shoot an arrow. The arrow hits the orc!
You kill the orc!
An orc comes into view. It is wielding a +0 trident.
You shoot an arrow. The arrow hits the orc wizard!
The orc wizard is severely wounded.
You shoot an arrow. The arrow hits the orc wizard.
The orc wizard is severely wounded.
The orc wizard casts a spell at you. The puff of flame misses you.
You shoot an arrow.
The arrow closely misses the orc wizard.
The arrow hits the orc.
The orc is heavily wounded.
The orc wizard gestures at you while chanting.
The magic dart hits you!
You are too injured to fight recklessly!
You are too injured to fight recklessly!
b - a +0 short sword (weapon)
There is a stone staircase leading up here.
The orc hits you with a +0 trident.
There is a stone staircase leading up here.
You hit the orc wizard but do no damage.
The orc wizard is heavily wounded.
The orc wizard hits you with a +0 dagger.
The orc closely misses you.
The orc wizard gestures at you while chanting.
You are confused.
The orc hits you with a +0 trident!
You die...

..##(##....##..
.......<......#
....(##....##...
.#.#(###.#.# .#
#.#(# #.#.#
#.#)# #.#.#
#.#.###.#.#
#.#.#o.......
#...@o......#
.......#####.###
####.### # #. #.
#


You could see an orc wizard and an orc.

Vanquished Creatures
  An adder (D:2)
  3 worms (D:2)
  A dart slug (D:1)
  An orc (D:3)
  5 bats
  2 endoplasms
  3 giant cockroaches
  A goblin (D:1)
  2 hobgoblins
  3 quokkas (D:1)
  A ball python (D:2)
  2 frilled lizards (D:1)
  A kobold (D:1)
  2 rats (D:1)
28 creatures vanquished.

Notes
Turn   | Place    | Note
-------+----------+-------------------------------------------
     0 | D:1      | pilgrim the Deep Elf Hunter began the quest for the Orb.
     0 | D:1      | Reached XP level 1. HP: 12/12 MP: 3/3
     6 | D:1      | Noticed a black bear
     6 | D:1      | Noticed a redback
     7 | D:1      | Noticed a black mamba
   574 | D:1      | Reached XP level 2. HP: 12/17 MP: 4/4
  1611 | D:2      | Noticed Natasha
  2337 | D:2      | Reached XP level 3. HP: 20/21 MP: 5/5
  3052 | D:3      | Slain by an orc

Illustrated notes

Levels and vault maps discovered:
D:1:      onia_arrival_zoo_common, layout_loops_ring
D:2:      layout_basic, ebering_ecumenical_altar_mist, grunt_ministairs_7,
          kennysheep_generic_room_2, uniq_natasha
D:3:      layout_loops_ring, dancing_weapons_uskayaw, serial_shops, shop,
          chequers_garden, minmay_door_square

Skill      XL: |  1  2 |
---------------+-------+-----
Stealth        | 2 |  2.5
Dodging        | 3 |  3.0
Fighting       | 2 |  2.1
Bows           | |  5.9

Action                   || total
-------------------------++-------
Melee: Short sword       ||   150
 Fire: Shortbow          ||    39
 Stab: Sleeping          ||     3
Armor: Leather armour    ||    51
Dodge: Dodged            ||   121

Table legend: (Time is in decaauts)
 A = Elapsed time spent in this place.
 B = Non-inter-level travel time spent in this place.
 C = Inter-level travel time spent in this place.
 D = Time resting spent in this place.
 E = Time spent auto-exploring this place.
 F = Levels seen in this place.
 G = Mean time per level.
                   A        B        C        D        E       F      G
               +--------+--------+--------+--------+--------+-----+--------+
         Total |   3071 |   2799 |    272 |    762 |   1595 |   3 | 1023.7 |
       Dungeon |   3071 |   2799 |    272 |    762 |   1595 |   3 | 1023.7 |
               +--------+--------+--------+--------+--------+-----+--------+

Top non-repeatable levels by time:
     D:1: 1871 daAuts
     D:2: 1177 daAuts
     D:3: 22 daAuts
